 Dungeon Crawl Stone Soup version 0.32-a0-612-g1c984fe9d1 (webtiles) character file.

Game seed: 2743730345859737753

10908 cforsyth the Cleaver (level 11, -3/145 HPs)
             Began as a Mountain Dwarf Necromancer on Mar 4, 2024.
             Was a Priest of Kikubaaqudgha.
             Slain by a minotaur
             ... wielding a staff of alchemy
              (28 damage)
             ... in a Gauntlet.
             The game lasted 00:32:53 (16018 turns).

cforsyth the Cleaver (Mountain Dwarf Necromancer)  Turns: 16018, Time: 00:32:53

Health: -3/145     AC: 15    Str: 18    XL:     11   Next: 42%
Magic:  13/13      EV: 11    Int: 25    God:    Kikubaaqudgha [***...]
Gold:   434        SH:  0    Dex: 10    Spells: 8/13 levels left

rFire   . . .        r - +0 war axe (vamp)
rCold   . . .        (no shield)
rNeg    . . .        a - +0 swamp dragon scales
rPois   +            (no helmet)
rElec   .            (no cloak)
rCorr   .            (no gloves)
SInv    .            A - +0 pair of boots {Stlth+}
Will    +....        (no amulet) Stlth
                     T - +4 ring of protection
HPRegen 0.44/turn    w - ring of Biaduppue {Str+6 Int+6}
MPRegen 0.13/turn

%: no teleportation
@: berserking (expiring), invisible, very quick
A: runic magic, artefact enchanting
a: Renounce Religion, Unearth Wretches


You were in a Gauntlet.
You worshipped Kikubaaqudgha.
Kikubaaqudgha was most pleased with you.
You visited 2 branches of the dungeon, and saw 12 of its levels.
You also visited: Sewer and Gauntlet.

You collected 619 gold pieces.
You spent 185 gold pieces at shops.


Innate Abilities, Weirdness & Mutations

Your spellcasting is much less encumbered by armour.
You can use scrolls of enchantment on lesser artefacts.


   Skills:
 - Level 9.1 Fighting
 + Level 11.6 Axes
 + Level 10.7 Armour
 - Level 1.3 Dodging
 - Level 1.4 Stealth
 - Level 1.7 Spellcasting
 - Level 10.2 Necromancy


You had 8 spell levels left.
You knew the following spells:

 Your Spells              Type           Power      Damage    Failure   Level
a - Animate Dead          Necr           52%        N/A       1%          4
X - Necrotise             Necr           100%       1d9       1%          1

Your spell library contained the following spells:

 Spells                   Type           Power      Damage    Failure   Level
 Kiss of Death            Conj/Necr      100%       2d13      1%          1
 Vampiric Draining        Necr           52%        2d9       1%          3
 Dispel Undead            Necr           52%        3d19      1%          4
 Cigotuvi's Dreadful Rot  Necr/Alch/Air  38%        N/A       4%          2
 Curse of Agony           Necr           52%        N/A       5%          5
 Apportation              Tloc           4%         N/A       13%         1
 Magic Dart               Conj           8%         1d3       13%         1
 Anguish                  Hex/Necr       13%        N/A       16%         4
 Martyr's Knell           Necr/Summ      27%        N/A       16%         4
 Jinxbite                 Hex            4%         N/A       19%         2
 Searing Ray              Conj           4%         2d4       19%         2
 Static Discharge         Conj/Air       4%         3-4/arc   19%         2
 Call Canine Familiar     Summ           2%         N/A       36%         3
 Dazzling Flash           Conj/Hex       4%         N/A       36%         3
 Sigil of Binding         Hex            2%         N/A       36%         3
 Stone Arrow              Conj/Erth      4%         3d7       36%         3
 Summon Ice Beast         Ice/Summ       2%         N/A       36%         3
 Volatile Blastmotes      Fire/Tloc      4%         2d10      36%         3
 Borgnjor's Vile Clutch   Necr/Erth      13%        N/A       41%         5
 Airstrike                Air            1%         2d(1-17)  77%         4
 Animate Armour           Summ/Erth      4%         N/A       77%         4
 Dimensional Bullseye     Hex/Tloc       1%         N/A       77%         4
 Fulminant Prism          Conj/Alch      1%         3d5       77%         4
 Summon Lightning Spire   Summ/Air       2%         N/A       77%         4
 Alistair's Intoxication  Alch           1%         N/A       98%         5
 Iskenderun's Battlesphe  Conj           2%         2d6       98%         5
 Summon Mana Viper        Hex/Summ       2%         N/A       98%         5
 Bombard                  Conj/Erth      1%         9d1       100%        6
 Starburst                Conj/Fire      1%         6d3       100%        6
 Monstrous Menagerie      Summ           1%         N/A       100%        7
 Spellforged Servitor     Conj/Summ      1%         N/A       100%        7
 Lehudib's Crystal Spear  Conj/Erth      1%         10d2      100%        8
 Maxwell's Capacitive Co  Air            1%         ∞         100%        8

Inventory:

Hand Weapons
 r - a +0 vampiric war axe (weapon)
Armour
 a - +0 swamp dragon scales (worn)
 g - the +1 chain mail of the Game of Kings {rC++ Stlth+}
   (You took it off an orc on level 7 of the Dungeon)

   rC++:      It greatly protects you from cold.
   Stlth+:    It makes you more stealthy.
 x - a +0 troll leather armour
 A - a +0 pair of boots of stealth (worn)
 D - the +0 pair of boots of Submission {rC+}
   (You found it in a Gauntlet)

   rC+:       It protects you from cold.
Jewellery
 w - the ring of Biaduppue (right hand) {Str+6 Int+6}
   (You found it on level 7 of the Dungeon)

   [ring of intelligence]

   Str+6:     It affects your strength (+6).
   Int+6:     It affects your intelligence (+6).
 T - a +4 ring of protection (left hand)
Wands
 v - a wand of paralysis (5)
 B - a wand of polymorph (3)
 C - a wand of flame (9)
Scrolls
 d - a scroll of immolation
 f - a scroll of poison
 h - a scroll of fear
 i - 2 scrolls of revelation
 j - 6 scrolls of blinking
 n - 4 scrolls of fog
 s - 3 scrolls of teleportation {@r2}
 t - a scroll of enchant weapon
 y - a scroll of identify {@r1}
Potions
 b - a potion of lignification
 c - 3 potions of haste {@q3}
 e - 2 potions of mutation
 l - 2 potions of heal wounds {@q2}
 m - a potion of curing {@q1}
 o - a potion of invisibility
 p - 3 potions of might
 u - a potion of enlightenment
 z - a potion of experience {unknown}
Miscellaneous
 q - a phial of floods (inert)
 E - a condenser vane

Dungeon Overview and Level Annotations

Branches:
Dungeon (11/15)            Temple (1/1) D:7            Lair (0/5) D:10
    Orc (0/2) D:10          Sewer (visited)         Gauntlet (1/1)

Altars:
Ashenzari
Cheibriados
Dithmenos
Elyvilon
Fedhas
Gozag
Hepliaklqana
Kikubaaqudgha
Makhleb
Nemelex Xobeh
Okawaru
Qazlal
Ru
Sif Muna
Trog
Uskayaw
Vehumet
Wu Jian
Xom
Yredelemnul
Zin
The Shining One

Shops:
D:3 *!(!(   D:7 !

Annotations:
D:7 3 runed translucent doors, DeathSocks's ghost, novice CoHu Gauntlet 8 transporters, 2 runed translucent doors

..≈▒▒...▓ ..▒▒▒.♣.▓
▓▓▓▓ ♣..▒▒...▓▓....▓
PP..▒.♣.▓▓.▓▓.▓
..♣.▒......▓▓.▓
....▒.©.▓▓.▓▓.░░░░░░░
....▒...▓▓....░.░≈≈≈░
....▒.©.▓▓.▓▓.░.░.≈≈░
.∩..▒......▓▓.'.@H∩≈░
....▒.©.▓▓.▓▓.░.░.≈≈░
....▒...▓▓....░.░≈≈≈░
....▒.©.▓▓.▓▓.░░░░░░░
.P♣.▒......▓▓.▓
PP..▒.♣.▓▓.▓▓.▓
♣..▒▒...▓▓....▓
P.▒▒▒.♣.▓▓▓▓▓▓▓
..≈▒▒...▓


You could see a minotaur (unable to see you).


Message History

Unknown command.
Unknown command.
Unknown command.
You hit the minotaur.
You feel better.
The minotaur is heavily wounded.
Unknown command.
Unknown command.
Unknown command.
You catch the helpless minotaur completely off-guard!
You slash the minotaur!
The minotaur is heavily wounded.
Unknown command.
Unknown command.
Unknown command.
Unknown command.
You barely miss the minotaur.
The minotaur is heavily wounded.
The minotaur hits you with a staff of alchemy!
* * * LOW HITPOINT WARNING * * *
The minotaur envenoms you.
* * * LOW HITPOINT WARNING * * *
The minotaur gores you but does no damage.
Unknown command.
Unknown command.
Unknown command.
You hit the minotaur.
The minotaur is heavily wounded.
The minotaur hits you with a staff of alchemy!!
You die...
Kikubaaqudgha rasps: You have failed me!
Welcome... death!

Skill      XL: |  1  2  3  4  5  6  7  8  9 10 11 |
---------------+----------------------------------+-----
Fighting       | 1 2 3 4 5 6 7 8 9 |  9.1
Necromancy     | 5 6 7 8 9 10 | 10.2
Axes           | 1 3 5 7 10 11 | 11.6
Armour         | 1 3 5 6 9 10 | 10.7
Dodging        | |  1.3
Stealth        | |  1.4
Spellcasting   | |  1.7

Action                     |  1- 3 |  4- 6 |  7- 9 | 10-12 || total
---------------------------+-------+-------+-------+-------++-------
  Melee: Unarmed           |    11 |       |       |       ||    11
         Club              |       |    42 |       |       ||    42
         War axe           |       |     6 |   214 |   408 ||   628
   Cast: Necrotise         |    84 |   142 |   183 |    40 ||   449
         Animate Dead      |       |       |     4 |     4 ||     8
  Evoke: Wand              |       |       |       |    10 ||    10
         Phial of floods   |       |       |       |     1 ||     1
    Use: Scroll            |       |     7 |     5 |     6 ||    18
         Potion            |       |     1 |     6 |     6 ||    13
   Stab: Distracted        |       |     1 |       |     2 ||     3
         Paralysed         |       |       |       |     7 ||     7
         Invisible         |       |       |       |     2 ||     2
 Armour: Robe              |    11 |    86 |   130 |       ||   227
         Swamp dragon scal |       |       |    91 |   464 ||   555
         Troll leather arm |       |       |    58 |       ||    58
  Dodge: Dodged            |    11 |    55 |   181 |   227 ||   474

Levels and vault maps discovered:
D:1:      onia_arrival_mini_spirals, layout_loops_ring,
          hellmonk_ecumenical_altar_crossroads, serial_rivers,
          chequers_serial_rivers_large_b, chequers_serial_rivers_small_3,
          chequers_serial_rivers_marsh, chequers_serial_rivers_small_3,
          chequers_serial_rivers_micro_d, minivault_11
D:2:      layout_basic, minmay_distorted
D:3:      layout_loops_ring, serial_shops, nicolae_shop_back_alley_shop,
          nicolae_shop_back_alley_shop, nicolae_shop_bloodbath_and_beyond, shop,
          nicolae_shop_getting_attention, grunt_ministairs_8
D:4:      layout_rooms, portal_sewer_entry_e
D:5:      layout_gridville, nicolae_overflow_hallway_of_the_gods,
          minmay_fractal_squares_5
D:6:      layout_cave_pools, nicolae_eternal_life, kennysheep_minor_cross,
          minmay_misc_feat_alley, chequers_avenue, uniq_maggie
D:7:      layout_basic, minmay_temple_entry_arrows, ebering_ghost_gozag,
          serial_shops, nicolae_square_shop, uniq_pikel
D:8:      layout_rooms, mainiacjoe_overflow_brackets, hangedman_decor_lopped,
          uniq_joseph
D:9:      layout_long_grid, lemuel_zombie_altar_yredelemnul
D:10:     layout_cross, lair_entry_dummy, hiddenorc2_lemuel,
          minmay_misc_feat_four_crosses, kennysheep_nub,
          serial_library_hellmonk_statue_hall, nicolae_water_bricks,
          minmay_checkerbox
D:11:     layout_loops_cross, serial_shops, nicolae_shop_mannequins,
          nicolae_shop_window_shopping, shop, shop,
          nicolae_shop_real_fake_doors, gauntlet_entry_generic, minivault_19,
          fedhas_altar_4
Temple:   nicolae_temple_god_jail
Gauntlet: minmay_gauntlet_77_tree [minmay_gauntlet_arena_77_two_paths,
          minmay_gauntlet_arena_77_box, minmay_gauntlet_arena_77_braids,
          minmay_gauntlet_arena_77_double_cross,
          minmay_gauntlet_arena_77_cramped, minmay_gauntlet_arena_77_mess,
          minmay_gauntlet_arena_77_checkered, gauntlet_exit_watery]

Notes
Turn   | Place    | Note
-------+----------+-------------------------------------------
     0 | D:1      | cforsyth the Mountain Dwarf Necromancer began the quest for
                  | the Orb.
     0 | D:1      | Reached XP level 1. HP: 14/14 MP: 3/3
    68 | D:1      | Found a faded altar of an unknown god.
   141 | D:1      | Reached skill level 1 in Fighting
   248 | D:1      | Reached XP level 2. HP: 23/23 MP: 0/4
  1243 | D:2      | Reached skill level 2 in Fighting
  1309 | D:2      | Reached XP level 3. HP: 29/29 MP: 3/5
  1339 | D:2      | Reached skill level 5 in Necromancy
  2411 | D:3      | Reached XP level 4. HP: 37/37 MP: 0/6
  2776 | D:3      | Found Yppoppon's Assorted Antiques.
  2780 | D:3      | Bought 3 scrolls labelled WUEKEF GAHIFYO for 51 gold pieces
  2780 | D:3      | Bought a grey potion for 15 gold pieces
  2780 | D:3      | Bought a bubbling brown potion for 15 gold pieces
  2882 | D:3      | Reached skill level 3 in Fighting
  2914 | D:3      | Found Afirph's Distillery.
  2918 | D:3      | Bought a potion of curing for 39 gold pieces
  2918 | D:3      | Bought a potion of heal wounds for 65 gold pieces
  3257 | D:3      | Found Foarafoi's Weapon Shop.
  3350 | D:3      | Reached XP level 5. HP: 44/45 MP: 1/7
  3428 | D:3      | Found Rujie's Antique Weapon Shoppe.
  3492 | D:3      | Found Ollat's Distillery.
  3618 | D:4      | Reached skill level 6 in Necromancy
  3720 | D:4      | Reached skill level 4 in Fighting
  3832 | D:4      | Found a glowing drain.
  3843 | Sewer    | Entered a sewer
  4010 | Sewer    | Reached XP level 6. HP: 53/53 MP: 0/8
  4621 | D:4      | Reached skill level 5 in Fighting
  5099 | D:5      | Entered Level 5 of the Dungeon
  5176 | D:5      | Noticed a water moccasin
  5187 | D:5      | HP: 4/56 [water moccasin (5)]
  5193 | D:5      | Killed a water moccasin
  5194 | D:5      | Reached skill level 1 in Axes
  5194 | D:5      | Reached skill level 1 in Armour
  5194 | D:5      | Reached skill level 7 in Necromancy
  5194 | D:5      | Reached XP level 7. HP: 20/61 MP: 0/9
  5593 | D:5      | Reached skill level 2 in Axes
  5688 | D:5      | Reached skill level 2 in Armour
  6251 | D:5      | Found a glowing silver altar of Zin.
  6277 | D:5      | Reached skill level 6 in Fighting
  6277 | D:5      | Reached skill level 3 in Axes
  6388 | D:5      | Found an iron altar of Okawaru.
  6389 | D:5      | Found a glowing golden altar of the Shining One.
  6391 | D:5      | Found a sacrificial altar of Ru.
  6391 | D:5      | Found a radiant altar of Vehumet.
  6392 | D:5      | Found a stormy altar of Qazlal.
  6394 | D:5      | Found a shimmering blue altar of Sif Muna.
  6509 | D:5      | Reached skill level 3 in Armour
  6707 | D:5      | Reached XP level 8. HP: 66/70 MP: 7/10
  7078 | D:6      | Learned a level 4 spell: Animate Dead
  7096 | D:6      | Reached skill level 4 in Axes
  7096 | D:6      | Reached skill level 8 in Necromancy
  7173 | D:6      | Reached skill level 4 in Armour
  7195 | D:6      | Noticed Maggie
  7431 | D:5      | HP: 3/71 [Maggie/+2 heavy morningstar (16)]
  7433 | D:5      | Killed Maggie
  7434 | D:5      | Reached skill level 7 in Fighting
  7434 | D:5      | Reached skill level 5 in Axes
  8091 | D:6      | You fall into a shaft and drop 1 floor!
  8091 | D:7      | Found Ybyadgh's Distillery.
  8159 | D:7      | Reached skill level 5 in Armour
  8159 | D:7      | Reached XP level 9. HP: 38/79 MP: 2/11
  8168 | D:7      | Identified the ring of Biaduppue {Str+6 Int+6}
  8308 | D:7      | Found a runed translucent gate.
  8308 | D:7      | Found a runed translucent gate.
  8308 | D:7      | Found a runed translucent gate.
  8312 | D:7      | Found an opulent altar of Gozag.
  8312 | D:7      | Noticed a red ugly thing
  8313 | D:7      | Noticed DeathSocks's ghost (novice CoHu)
  8314 | D:7      | Noticed a cyclops
  8342 | D:7      | Found a staircase to the Ecumenical Temple.
  8345 | D:7      | Noticed a troll
  8367 | D:7      | Killed a troll
  8597 | Temple   | Entered the Ecumenical Temple
  8615 | Temple   | Became a worshipper of Kikubaaqudgha
  8969 | D:5      | Reached skill level 9 in Necromancy
  9001 | D:6      | Reached skill level 6 in Axes
  9398 | D:7      | Identified the +1 chain mail of the Game of Kings {rC++
                  | Stlth+}
  9551 | D:7      | Noticed Pikel
  9568 | D:6      | Killed Pikel
  9569 | D:6      | Reached skill level 8 in Fighting
  9569 | D:6      | Reached skill level 6 in Armour
  9918 | D:7      | Identified the +4 whip of the Ecumenical Temple {heavy,
                  | Will+ Dex+3}
 10309 | D:8      | Reached skill level 7 in Axes
 10366 | D:8      | Reached * piety under Kikubaaqudgha
 10366 | D:8      | Received a gift from Kikubaaqudgha
 10532 | D:8      | Reached XP level 10. HP: 68/90 MP: 3/12
 10536 | D:8      | Noticed Joseph
 10556 | D:8      | Killed Joseph
 10557 | D:8      | Reached skill level 7 in Armour
 10557 | D:8      | Reached skill level 10 in Necromancy
 10662 | D:8      | Your ally Joseph died
 10843 | D:8      | Found a bloodstained altar of Trog.
 11061 | D:9      | Reached skill level 9 in Fighting
 11088 | D:8      | HP: 9/91 [yak (10)]
 11090 | D:8      | Reached skill level 8 in Axes
 11772 | D:9      | Reached skill level 8 in Armour
 11774 | D:9      | Reached skill level 9 in Axes
 12206 | D:9      | Reached ** piety under Kikubaaqudgha
 12436 | D:9      | Found a basalt altar of Yredelemnul.
 12571 | D:10     | Entered Level 10 of the Dungeon
 12571 | D:10     | Found a staircase to the Lair.
 12600 | D:10     | Found a staircase to the Orcish Mines.
 12622 | D:10     | Reached skill level 9 in Armour
 12918 | D:10     | Reached skill level 10 in Axes
 13065 | D:10     | Reached *** piety under Kikubaaqudgha
 13065 | D:10     | Received a gift from Kikubaaqudgha
 13066 | D:10     | Reached XP level 11. HP: 49/97 MP: 13/13
 14307 | D:10     | Noticed a boulder beetle
 14596 | D:9      | HP: 5/97 [boulder beetle (11)]
 14604 | D:9      | Killed a boulder beetle
 14605 | D:9      | Reached skill level 10 in Armour
 14869 | D:10     | Reached skill level 11 in Axes
 14954 | D:10     | Found a shimmering blue altar of Sif Muna.
 15293 | D:11     | Found a gate leading to a gauntlet.
 15301 | Gauntlet | Entered a Gauntlet
 15301 | Gauntlet | Found a transporter.
 15520 | Gauntlet | Found a transporter.
 15522 | Gauntlet | Found a transporter.
 15526 | Gauntlet | Noticed a large abomination
 15533 | Gauntlet | Found a transporter.
 15536 | Gauntlet | Found a transporter.
 15539 | Gauntlet | Noticed a fire crab
 15546 | Gauntlet | Found a transporter.
 15562 | Gauntlet | Found a transporter.
 15564 | Gauntlet | Noticed a quicksilver ooze
 15572 | Gauntlet | Found the brooch of Shielding {Spirit SH+8}
 15573 | Gauntlet | Found a transporter.
 15580 | Gauntlet | Found a runed translucent door.
 15580 | Gauntlet | Noticed a death drake
 15580 | Gauntlet | Noticed a seven-headed hydra
 15583 | Gauntlet | Found a transporter.
 15598 | Gauntlet | Found a transporter.
 15609 | Gauntlet | Found a transporter.
 15609 | Gauntlet | Found a transporter.
 15651 | Gauntlet | Found a runed translucent door.
 15656 | Gauntlet | Found a transporter.
 15670 | Gauntlet | Found a transporter.
 15984 | Gauntlet | Identified the +0 pair of boots of Submission {rC+}
 16000 | Gauntlet | Noticed a minotaur
 16018 | Gauntlet | Slain by a minotaur

Vanquished Creatures
  A boulder beetle (D:9)
  Pikel (D:6)
  A cyclops (D:10)
  Joseph (D:8)
  Maggie (D:5)
  An unseen horror zombie (D:9)
  A kobold demonologist (D:11)
  2 trolls
  A shadow (D:11)
  11 yaks
  A small abomination (Gauntlet)
  A neqoxec (Gauntlet)
  A steam dragon (D:9)
  4 vampire mosquitoes (D:11)
  A chaos spawn (Gauntlet)
  An acid dragon (D:10)
  A water moccasin (D:5)
  An ice beast (D:6)
  5 orc warriors
  2 black bears
  An ogre (D:5)
  3 centaurs
  A lemure (D:6)
  A kobold brigand (D:6)
  2 brain worms (Sewer)
  2 bullfrogs
  3 scorpions
  21 wights
  An electric eel (D:10)
  7 howler monkeys
  A jelly (D:4)
  A bombardier beetle (D:5)
  5 hounds
  6 orc priests
  2 gnoll boudas
  A sleepcap (D:5)
  3 iguanas
  16 orc wizards
  4 gnolls (D:7)
  3 river rats
  7 adders
  A shadow imp (D:5)
  2 white imps (D:5)
  2 dart slugs
  62 orcs
  12 ball pythons
  5 bats
  8 endoplasms
  A giant cockroach (D:1)
  9 goblins
  5 hobgoblins
  9 jackals
  8 kobolds
  2 quokkas (D:1)
  12 frilled lizards
  12 rats
280 creatures vanquished.

Vanquished Creatures (collateral kills)
  2 yaks (D:9)
  A water moccasin (D:6)
  3 bullfrogs
  2 wights (D:9)
  A centaur zombie (D:9)
  A gnoll (D:7)
  A hobgoblin (D:3)
  A jackal (D:3)
  A kobold (D:6)
  3 rats
16 creatures vanquished.

Vanquished Creatures (others)
  A human zombie (D:8)
  4 howler monkey zombies (D:8)
  A kobold zombie (D:6)
  14 orc zombies
20 creatures vanquished.

Grand Total: 316 creatures vanquished

Table legend: (Time is in decaauts)
 A = Elapsed time spent in this place.
 B = Non-inter-level travel time spent in this place.
 C = Inter-level travel time spent in this place.
 D = Time resting spent in this place.
 E = Time spent auto-exploring this place.
 F = Levels seen in this place.
 G = Mean time per level.
                   A        B        C        D        E       F      G
               +--------+--------+--------+--------+--------+-----+--------+
         Total |  16204 |  15831 |    373 |   3043 |   9772 |  14 | 1157.4 |
       Dungeon |  14697 |  14353 |    344 |   2978 |   8748 |  11 | 1336.1 |
        Temple |     34 |      5 |     29 |      0 |      0 |   1 |   34.0 |
         Sewer |    750 |    750 |      0 |      0 |    611 |   1 |  750.0 |
      Gauntlet |    721 |    721 |      0 |     64 |    413 |   1 |  721.0 |
               +--------+--------+--------+--------+--------+-----+--------+

Top non-repeatable levels by time:
     D:5: 2379 daAuts
     D:9: 2052 daAuts
    D:10: 1674 daAuts
     D:7: 1396 daAuts
     D:6: 1329 daAuts
     D:8: 1297 daAuts
     D:3: 1294 daAuts
     D:1: 1250 daAuts
     D:2: 1105 daAuts
     D:4: 793 daAuts
   Sewer: 750 daAuts
Gauntlet: 721 daAuts
    D:11: 123 daAuts
  Temple: 34 daAuts

Table legend:
 A = Non-vault XP
 B = Vault XP
 C = Vault XP percentage of total XP
 D = Non-vault monster count
 E = Vault monster count
 F = Vault count percentage of total count
                 A         B        C        D         E       F
            +---------+---------+-------+---------+---------+-------
      Total |   10287 |    5297 |  34.0 |     211 |      84 |  28.5
            +---------+---------+-------+---------+---------+-------
        D:1 |      36 |       0 |   0.0 |      18 |       0 |   0.0
        D:2 |      54 |       3 |   5.3 |      19 |       2 |   9.5
        D:3 |     142 |       3 |   2.1 |      26 |       2 |   7.1
        D:4 |      84 |      38 |  31.1 |      15 |       8 |  34.8
        D:5 |     653 |     799 |  55.0 |      16 |       7 |  30.4
        D:6 |     966 |     607 |  38.6 |      22 |       1 |   4.3
        D:7 |    1061 |       0 |   0.0 |      22 |       0 |   0.0
        D:8 |    1895 |     475 |  20.0 |      31 |       1 |   3.1
        D:9 |    2170 |    1269 |  36.9 |      18 |       3 |  14.3
       D:10 |    1954 |    1298 |  39.9 |      18 |      35 |  66.0
       D:11 |    1272 |       0 |   0.0 |       6 |       0 |   0.0
      Sewer |       0 |     233 | 100.0 |       0 |      22 | 100.0
   Gauntlet |       0 |     572 | 100.0 |       0 |       3 | 100.0
            +---------+---------+-------+---------+---------+-------
